 Dungeon Crawl Stone Soup version 0.32-a0-898-g7811c86cf0 (webtiles) character file.

Game seed: 17644591064835054835

6611 Griffin23 the Carver (level 10, -2/136 HPs)
             Began as a Minotaur Fighter on Apr 4, 2024.
             Was an Initiate of Yredelemnul.
             Slain by Erolcha
             ... wielding a +0 giant club
              (4 damage)
             ... on level 9 of the Dungeon.
             The game lasted 00:20:49 (10223 turns).

Griffin23 the Carver (Minotaur Fighter)            Turns: 10223, Time: 00:20:49

Health: -2/136     AC: 25    Str: 28    XL:     10   Next: 71%
Magic:  9/9        EV:  2    Int:  4    God:    Yredelemnul [......]
Gold:   450        SH: 16    Dex: 16    Spells: 9/9 levels left

rFire   . . .        K - +4 scimitar (flame)
rCold   . . .        w - +0 tower shield
rNeg    . . .        E - melded +0 chain mail
rPois   +            (helmet currently unavailable)
rElec   .            (cloak currently unavailable)
rCorr   .            (gloves currently unavailable)
SInv    .            (boots currently unavailable)
Will    +....        (no amulet)
Stlth   +            f - +6 ring of dexterity
HPRegen 0.42/turn    t - +5 ring of evasion
MPRegen 0.11/turn

%: no passive effects
@: brilliant, tree-form, attractive, hasted, wreathed by umbra, very quick
A: stationary, stasis, torment immunity, boosted hp, (horns 2), (retaliatory
headbutt), strong-willed 1, strong 1
a: Renounce Religion, Light the Black Torch, Recall Undead Harvest


You were on level 9 of the Dungeon.
You worshipped Yredelemnul.
Yredelemnul was noncommittal.
You were a tree.
You visited 1 branch of the dungeon, and saw 9 of its levels.

You collected 450 gold pieces.

Inventory:

Hand Weapons
 a - a +1 long sword of draining
 D - a +2 long sword
 K - a +4 scimitar of flaming (weapon)
Missiles
 q - 3 javelins (quivered)
 A - 4 throwing nets
 I - 3 boomerangs
Armour
 b - a +0 scale mail
 c - a +0 buckler
 w - a +0 tower shield (worn)
 E - a +0 chain mail (melded)
Jewellery
 f - a +6 ring of dexterity (left branch)
 o - a +6 ring of intelligence
 t - a +5 ring of evasion (right branch)
 u - a ring of ice
 z - a ring of see invisible
 J - an amulet of reflection
Wands
 m - a wand of roots (22)
 s - a wand of flame (35)
 G - a wand of mindburst (11)
 L - a wand of polymorph (3)
Scrolls
 e - 12 scrolls of identify {unknown}
 g - a scroll of butterflies {unknown}
 i - 2 scrolls of blinking {unknown}
 k - 2 scrolls of poison {unknown}
 r - 2 scrolls of teleportation {unknown}
 v - a scroll of vulnerability {unknown}
 x - a scroll of brand weapon {unknown}
 y - 2 scrolls of enchant weapon {unknown}
 F - a scroll of noise {unknown}
Potions
 d - 4 potions of might
 j - a potion of mutation
 l - 2 potions of brilliance
 n - a potion of lignification


   Skills:
 + Level 9.6 Fighting
 * Level 12.5 Long Blades
 + Level 9.6 Armour
 + Level 9.5 Shields


You had 9 spell levels left.
You didn't know any spells.
Your spell library contained the following spells:

 Spells                   Type           Power      Damage    Failure   Level
 Foxfire                  Conj/Fire      0%         2x1d4     87%         1
 Lesser Beckoning         Tloc           0%         N/A       95%         2
 Scorch                   Fire           0%         2d5       95%         2
 Static Discharge         Conj/Air       0%         3-3/arc   95%         2
 Maxwell's Portable Pile  Tloc           0%         2d(5-13)  99%         3
 Teleport Other           Tloc           0%         N/A       99%         3
 Airstrike                Air            0%         2d(0-16)  100%        4
 Flame Wave               Conj/Fire      0%         2d4       100%        4
 Summon Lightning Spire   Summ/Air       0%         N/A       100%        4
 Plasma Beam              Fire/Air       0%         2x1d10    100%        6
 Starburst                Conj/Fire      0%         6d3       100%        6
 Summon Cactus Giant      Summ           0%         N/A       100%        6


Dungeon Overview and Level Annotations

Branches:
Dungeon (9/15)             Temple (0/1) D:4            Lair (0/5) D:9
    Orc (0/2) D:9

Altars:
Ashenzari
Cheibriados
Dithmenos
Elyvilon
Makhleb
Vehumet
Yredelemnul
Beogh

Shops:
D:6 =(:*   D:9 =

Annotations:
D:4 2 transporters, inkslinger's ghost, amateur GnWn
D:7 2 runed translucent doors, lotum's ghost, novice CoWr
D:9 Erolcha


Innate Abilities, Weirdness & Mutations

You are a tree.
Your roots penetrate the ground, keeping you stationary.
You cannot be teleported.
You are immune to unholy pain and torment.
Your maximum health is greatly increased.
Your equipment is partially melded.
((You have a pair of horns on your head.))
((You reflexively headbutt those who attack you in melee.))
You are strong-willed. (Will+)
Your muscles are strong. (Str +4, Int/Dex -1)


Message History

You cannot move.
You cannot move.
You cannot move.
You cannot move.
You cannot move.
You cannot move.
You cannot move.
You cannot move.
You cannot move.
You cannot move.
You cannot move.
You cannot move.
You cannot move.
You cannot move.
You cannot move.
You cannot move.
Something hits you!
* * * LOW HITPOINT WARNING * * *
You cannot move.
There is a strange disturbance nearby!
There is a strange disturbance nearby!
There is a strange disturbance nearby!
You cannot move.
You cannot move.
You cannot move.
Hit: K) +4 scimitar (flame)
Press: ? - help, Dir - move target You hit something.
You burn something.
Hit: K) +4 scimitar (flame)
Press: ? - help, Dir - move target You hit something.
You burn something.
Okay, then.
You cannot move.
You cannot move.
You cannot move.
Hit: K) +4 scimitar (flame)
Press: ? - help, Dir - move target You hit something.
You burn something. Something hits you.
You die...
Your body rises from the dead as a mindless zombie.

...))....<..# ..
....<....... . ##.
.#######.##. .##..
Z......# .. ....
.#####.# ###..## .# ....
...... .# #.....
#.##Z#### # ###.#.....#
#.##Z#..#.#.
....#.....###.##♣.......
###.#......##.##{#..#...
..###.......P.#.........
#........PP.P..#.#.##...
##....P...P..P..........
##..............##.### .
.....................
....P...#'##.....##.##
........#.Z#P.P..##.#


You could see a friendly elephant zombie and a friendly wyvern zombie.

Vanquished Creatures
  Harold (D:9)
  2 elephants
  Jeremiah (D:6)
  A hornet (D:8)
  Menkaure (D:7)
  An acid dragon (D:8)
  A sky beast (D:8)
  2 black bears (D:8)
  An orc warrior (D:9)
  2 ice beasts
  A centaur (D:5)
  A kobold brigand (D:5)
  A bullfrog (D:7)
  6 scorpions
  8 wights (D:7)
  13 killer bees
  2 hounds (D:5)
  A bombardier beetle (D:5)
  2 gnoll boudas
  A jelly (D:6)
  3 orc priests
  Jessica (D:2)
  Ijyb (D:4)
  6 orc wizards
  9 gnolls
  15 adders
  A shadow imp (D:7)
  A white imp (D:6)
  2 ribbon worms
  4 dart slugs
  26 orcs
  6 endoplasms
  3 giant cockroaches
  15 goblins
  5 hobgoblins
  A quokka (D:3)
  8 ball pythons
  4 bats
  4 frilled lizards
  13 kobolds
  9 rats
186 creatures vanquished.

Vanquished Creatures (collateral kills)
  Erica (D:9)
  A komodo dragon (D:9)
  Prince Ribbit (D:6)
  2 wyverns (D:9)
  A centaur (D:5)
  2 wights (D:7)
  A killer bee (D:8)
  A jelly (D:6)
  2 orc wizards (D:9)
  A sleepcap (D:6)
  2 gnolls
  An adder (D:6)
  4 orcs
  An endoplasm (D:4)
  2 goblins (D:4)
23 creatures vanquished.

Vanquished Creatures (others)
  A bullfrog zombie (D:7)
  A black bear zombie (D:8)
  2 scorpion zombies
  An ice beast zombie (D:5)
  4 adder zombies
  An orc (D:5)
  4 gnoll zombies (D:5)
  5 goblin zombies (D:4)
  A kobold zombie (D:4)
  10 orc zombies
  A rat zombie (D:5)
31 creatures vanquished.

Grand Total: 240 creatures vanquished

Notes
Turn   | Place    | Note
-------+----------+-------------------------------------------
     0 | D:1      | Griffin23 the Minotaur Fighter began the quest for the Orb.
     0 | D:1      | Reached XP level 1. HP: 19/19 MP: 0/0
   224 | D:1      | Reached XP level 2. HP: 25/27 MP: 1/1
   447 | D:1      | Reached skill level 3 in Long Blades
   897 | D:2      | Reached XP level 3. HP: 33/33 MP: 2/2
  1116 | D:2      | Found a broken altar of Ashenzari.
  1433 | D:2      | Reached XP level 4. HP: 40/40 MP: 3/3
  1583 | D:2      | Noticed Jessica
  1600 | D:2      | Killed Jessica
  1728 | D:3      | Reached skill level 4 in Long Blades
  1972 | D:3      | Reached XP level 5. HP: 40/47 MP: 4/4
  2339 | D:3      | Found a faded altar of an unknown god.
  2347 | D:3      | Prayed at the altar of an unknown god.
  2347 | D:3      | Became a worshipper of Yredelemnul the Fallen
  2347 | D:3      | Reached * piety under Yredelemnul
  2627 | D:3      | Found a burning altar of Makhleb.
  2762 | D:4      | Noticed Ijyb
  2793 | D:4      | Killed Ijyb
  3192 | D:4      | Found a transporter.
  3231 | D:4      | Noticed a phantom
  3313 | D:4      | Reached skill level 5 in Long Blades
  3313 | D:4      | Reached XP level 6. HP: 53/55 MP: 5/5
  3358 | D:4      | Found a transporter.
  3361 | D:4      | Noticed inkslinger's ghost (amateur GnWn)
  3448 | D:4      | Found a staircase to the Ecumenical Temple.
  4156 | D:4      | Reached skill level 5 in Fighting
  4506 | D:5      | Entered Level 5 of the Dungeon
  4584 | D:5      | Reached skill level 5 in Shields
  4765 | D:5      | Reached skill level 5 in Armour
  4971 | D:5      | Noticed an ice beast
  5004 | D:5      | Killed an ice beast
  5022 | D:5      | Reached skill level 6 in Long Blades
  5022 | D:5      | Reached XP level 7. HP: 30/61 MP: 6/6
  5270 | D:5      | Identified the +2 hand axe of the Forging Traitor {venom,
                  | rF+}
  5342 | D:5      | Reached skill level 7 in Long Blades
  6351 | D:6      | Reached XP level 8. HP: 70/70 MP: 7/7
  6385 | D:6      | Found Jubborph's Assorted Antiques.
  6429 | D:6      | Found a white marble altar of Elyvilon.
  6431 | D:6      | Found Pocisk's Antique Weapon Boutique.
  6432 | D:6      | Found a radiant altar of Vehumet.
  6456 | D:6      | Noticed Prince Ribbit
  6496 | D:6      | Killed Prince Ribbit
  6497 | D:6      | Reached skill level 8 in Long Blades
  6775 | D:6      | Noticed Jeremiah
  6787 | D:6      | Found Cuagg's Jewellery Shoppe.
  6814 | D:6      | Killed Jeremiah
  7076 | D:6      | You fall into a shaft and drop 2 floors!
  7122 | D:8      | Reached skill level 9 in Long Blades
  7139 | D:8      | Noticed a hornet
  7231 | D:8      | Reached XP level 9. HP: 70/79 MP: 8/8
  7293 | D:7      | Noticed Menkaure
  7303 | D:7      | Killed Menkaure
  7740 | D:7      | Reached skill level 10 in Long Blades
  7828 | D:6      | Found Uxest's Book Shoppe.
  8101 | D:7      | Found a large runed translucent door.
  8101 | D:7      | Found a large runed translucent door.
  8310 | D:7      | Noticed lotum's ghost (novice CoWr)
  8976 | D:8      | Found a snail-covered altar of Cheibriados.
  8977 | D:8      | Found a shadowy altar of Dithmenos.
  9094 | D:9      | Noticed an elephant
  9284 | D:9      | Noticed an elephant
  9384 | D:9      | Found a staircase to the Orcish Mines.
  9384 | D:9      | Noticed Harold
  9393 | D:9      | Reached skill level 11 in Long Blades
  9412 | D:9      | Killed Harold
  9413 | D:9      | Reached XP level 10. HP: 48/90 MP: 9/9
  9654 | D:8      | Killed an elephant
  9773 | D:9      | Killed an elephant
  9779 | D:9      | Reached skill level 12 in Long Blades
  9844 | D:9      | Found a roughly hewn altar of Beogh.
  9925 | D:9      | Found Horiujok's Jewellery Shoppe.
  9926 | D:9      | Noticed Erica
  9932 | D:9      | Killed Erica
 10174 | D:9      | Found a staircase to the Lair.
 10189 | D:9      | Noticed Erolcha
 10209 | D:9      | Gained mutation: Your muscles are strong. (Str +4, Int/Dex
                  | -1) [potion of mutation]
 10209 | D:9      | Gained mutation: You are strong-willed. (Will+) [potion of
                  | mutation]
 10220 | D:9      | HP: 1/136 [something (15)]
 10223 | D:9      | Slain by Erolcha

Illustrated notes

Levels and vault maps discovered:
D:1:      matt_arrival_spirals, layout_basic
D:2:      layout_basic, basic_altar, minmay_hedge_maze,
          minmay_misc_feat_nine_boxes, uniq_jessica
D:3:      layout_loops_ring, lightli_temple_of_fire,
          shapermc_ecumenical_altar_flowoftime, hangedman_abyss_or_decor_stabs
D:4:      kennysheep_the_goblin_king, layout_loops_corners,
          lemuel_temple_firewalk_b, gammafunk_ghost_mausoleum
D:5:      layout_rooms, nrook_uturn, lexackson_kobold_supper
D:6:      layout_basic, chequers_temple_overflow_statue_of_worship,
          serial_aquarium, aquarium_bridge_square [aquarium_subvault_bridge,
          aquarium_subvault_window, aquarium_subvault_wall,
          aquarium_subvault_bridge], aquarium_bridge_straight
          [aquarium_subvault_bridge, aquarium_subvault_window,
          aquarium_subvault_bridge, aquarium_subvault_window],
          aquarium_window_fake, aquarium_window_double,
          aquarium_window_corridor_1, aquarium_view_2b, aquarium_view_2b,
          aquarium_balcony_3a, serial_shops, shop,
          nicolae_shop_tiny_real_fake_doors, nicolae_shop_real_fake_doors,
          nicolae_shop_peninsula, corexii_shack, nicolae_half_adder,
          uniq_jeremiah, uniq_prince_ribbit1
D:7:      layout_gridville, ebering_ghost_disaster_area, uniq_menkaure
D:8:      layout_basic, mainiacjoe_overflow_divided_tiny
D:9:      layout_basic, lemuel_tele_altar, grunt_lair_entry_orc_guard_hut,
          minmay_orc_entry_temple_small, serial_shops, shop, uniq_erolcha,
          uniq_erica, uniq_grum, uniq_harold

Skill      XL: |  1  2  3  4  5  6  7  8  9 10 |
---------------+-------------------------------+-----
Long Blades    | 3 4 5 6 7 9 11 12 | 12.5
Fighting       | 4 5 6 7 8 9 |  9.6
Armour         | 4 5 6 7 8 9 |  9.6
Shields        | 4 5 6 7 8 9 |  9.5

Action                     |  1- 3 |  4- 6 |  7- 9 | 10-12 || total
---------------------------+-------+-------+-------+-------++-------
  Melee: Long sword        |   107 |   323 |   437 |    71 ||   938
         Headbutt          |    18 |    83 |   124 |    17 ||   242
         Scimitar          |       |       |       |    11 ||    11
 Invoke: Recall Undead Har |       |       |     1 |       ||     1
  Evoke: Wand              |       |       |    12 |     5 ||    17
    Use: Potion            |       |       |     1 |     8 ||     9
   Stab: Distracted        |       |     1 |     3 |       ||     4
 Armour: Scale mail        |    75 |   115 |    36 |       ||   226
         Chain mail        |       |       |   104 |    73 ||   177
         Skin              |       |       |       |     6 ||     6
  Dodge: Dodged            |    35 |    74 |   105 |    40 ||   254
  Block: Buckler           |    18 |    27 |       |       ||    45
         Tower shield      |       |    82 |   336 |   118 ||   536

Table legend: (Time is in decaauts)
 A = Elapsed time spent in this place.
 B = Non-inter-level travel time spent in this place.
 C = Inter-level travel time spent in this place.
 D = Time resting spent in this place.
 E = Time spent auto-exploring this place.
 F = Levels seen in this place.
 G = Mean time per level.
                   A        B        C        D        E       F      G
               +--------+--------+--------+--------+--------+-----+--------+
         Total |  10461 |   9874 |    587 |   1544 |   5961 |   9 | 1162.3 |
       Dungeon |  10461 |   9874 |    587 |   1544 |   5961 |   9 | 1162.3 |
               +--------+--------+--------+--------+--------+-----+--------+

Top non-repeatable levels by time:
     D:4: 1797 daAuts
     D:5: 1676 daAuts
     D:8: 1345 daAuts
     D:3: 1197 daAuts
     D:7: 1128 daAuts
     D:6: 1015 daAuts
     D:1: 895 daAuts
     D:2: 827 daAuts
     D:9: 576 daAuts
